 Dungeon Crawl Stone Soup version 0.30-a0-509-gd016549fea (webtiles) character file.

Game seed: 5343820528527565124

3374 IdlyInterested the Slicer (level 9, -3/63 HPs)
             Began as a Demonspawn Gladiator on Dec 22, 2022.
             Slain by a two-headed ogre
             ... wielding a +0 giant club
              (11 damage)
             ... on level 8 of the Dungeon.
             The game lasted 00:21:24 (7246 turns).

IdlyInterested the Slicer (Demonspawn Gladiator)    Turns: 7246, Time: 00:21:24

Health: -3/63      AC: 12    Str: 25    XL:     9   Next: 74%
Magic:  13/13      EV: 12    Int: 20    God:
Gold:   262        SH:  0    Dex: 19    Spells: 14/14 levels left

rFire   + + .      SeeInvis .    i - +7 hand axe "Beetlebane" {drain, Str+7 Int+6 Dex+4}
rCold   . . .      Faith    .    (no shield)
rNeg    . . .      Spirit   .    q - +0 ring mail of Spite {Drain rF++ Will+ Str+4}
rPois   .          Reflect  .    c - +0 helmet
rElec   .          Harm     .    t - +0 cloak
rCorr   .          Rampage  .    k - +0 pair of gloves
Will    +....                    (no boots)
Stlth   +++.......               p - amulet of the acrobat
HPRegen 0.30/turn                (no ring)
MPRegen 0.13/turn                (no ring)

@: no status effects
A: yellow scales 2, demonic magic 2
a: no special abilities


You were on level 8 of the Dungeon.
You visited 2 branches of the dungeon, and saw 9 of its levels.

You collected 556 gold pieces.
You spent 294 gold pieces at shops.

Inventory:

Hand Weapons
 a - a +0 long sword
 b - a +2 rapier of electrocution
 f - a +0 dagger
 h - a +1 war axe of flaming
 i - the +7 hand axe "Beetlebane" (weapon) {drain, Str+7 Int+6 Dex+4}
   (You found it on level 1 of the Dungeon)

   A truly terrible weapon, it drains the life of any living foe it strikes.
   Str:       It affects your strength (+7).
   Int:       It affects your intelligence (+6).
   Dex:       It affects your dexterity (+4).
 v - a +0 rapier of speed
 w - a +1 dagger of venom
 x - a +0 short sword
Missiles
 d - 2 throwing nets
 e - 7 javelins
 m - 52 stones (quivered)
 n - 8 poisoned darts
 u - a boomerang
Armour
 c - a +0 helmet (worn)
 k - a +0 pair of gloves (worn)
 q - the +0 ring mail of Spite (worn) {Drain rF++ Will+ Str+4}
   (You found it on level 7 of the Dungeon)

   Str:       It affects your strength (+4).
   rF:        It greatly protects you from fire.
   Drain:     It drains your maximum health when unequipped.
   Will:      It increases your willpower.
 t - a +0 cloak (worn)
 y - +0 steam dragon scales
Jewellery
 p - an amulet of the acrobat (around neck)
Wands
 B - a wand of digging (6)
 E - a wand of mindburst (3)
 G - a wand of iceblast (8)
 H - a wand of polymorph (5)
 K - a wand of charming (5)
Scrolls
 l - 2 scrolls of fog
 o - 6 scrolls of teleportation
 C - 2 scrolls of vulnerability
 D - 2 scrolls of amnesia
 I - 2 scrolls of immolation
 M - a scroll of brand weapon {unknown}
Potions
 g - a potion of curing
 j - a potion of resistance
 r - a potion of might
 s - 3 potions of flight
 z - a potion of brilliance
 A - a potion of heal wounds
 F - a potion of magic
 J - a potion of cancellation
 L - a potion of berserk rage


   Skills:
 - Level 3.0 Fighting
 * Level 9.0(9.3) Short Blades
 - Level 3.1(6.5) Long Blades
 - Level 3.0 Throwing
 - Level 3.0 Armour
 - Level 3.0 Dodging
 - Level 6.0 Stealth
 * Level 3.3 Spellcasting
 - Level 3.0 Evocations


You had 14 spell levels left.
You didn't know any spells.
Your spell library was empty.

Dungeon Overview and Level Annotations

Branches:
Dungeon (8/15)             Temple (1/1) D:7
   Lair: D:8-11

Altars:
Ashenzari
Cheibriados
Dithmenos
Fedhas
Gozag
Hepliaklqana
Kikubaaqudgha
Makhleb
Nemelex Xobeh
Okawaru
Sif Muna
Trog
Uskayaw
Vehumet
Wu Jian
Xom
Yredelemnul

Shops:
D:7 (


Innate Abilities, Weirdness & Mutations

You are mostly covered in yellow scales. (AC +3)
Spells you cast may paralyse nearby enemies.


Message History

Aim: a two-headed ogre, wielding two +0 giant clubs (chance to affect: 60%)
The two-headed ogre's minds are blasted!
Aiming: Mindburst
Press: ? - help, Shift-Dir - straight line, f/p - two-headed ogre
Aim: a two-headed ogre, wielding two +0 giant clubs (lightly wounded, chance to affect: 60%)
The two-headed ogre resists with significant effort.
An orc comes into view. It is wielding a +0 club.
Aiming: Mindburst
Press: ? - help, Shift-Dir - straight line, f/p - two-headed ogre
Aim: a two-headed ogre, wielding two +0 giant clubs (lightly wounded, chance to affect: 60%)
The two-headed ogre resists with significant effort.
An orc comes into view.
It is wielding a +0 dagger and carrying a wand of charming (13).
You barely miss the two-headed ogre.
The two-headed ogre is lightly wounded.
The two-headed ogre misses you. The two-headed ogre closely misses you.
You barely miss the two-headed ogre.
The two-headed ogre is lightly wounded.
The two-headed ogre hits you with a +0 giant club! x2
You slash the two-headed ogre! You drain the two-headed ogre.
The two-headed ogre is moderately wounded.
An orc comes into view. It is wielding a +0 hand axe.
The two-headed ogre hits you with a +0 giant club!
The two-headed ogre completely misses you.
You hit the two-headed ogre.
The two-headed ogre is moderately wounded.
The two-headed ogre hits you with a +0 giant club!!
* * * LOW HITPOINT WARNING * * *
The two-headed ogre closely misses you.
Okay, then.
You closely miss the two-headed ogre.
The two-headed ogre is moderately wounded.
You slash the orc!
You kill the orc!
You hit the two-headed ogre. You drain the two-headed ogre.
The two-headed ogre is heavily wounded.
You hit the orc. You drain the orc. The orc hits you with a +0 dagger.
* * * LOW HITPOINT WARNING * * *
The two-headed ogre barely misses you.
The two-headed ogre hits you with a +0 giant club!
You die...

##.#......<#
#.#.=.#.....
....†#..####
#.<...#..... ##.###..#
##........... # #...#
##..........# #..#.#
#.........###### #.##.#
#.#............. .. ...
. ##..............> ...
......##................
.....o.O@.............
#.##...o..............
#...................
.!.....#.............
..###.###.##......#### #
#......#..#.####
#........##.#
.........#######
####....##


You could see a two-headed ogre (drained) and 2 orcs.

Vanquished Creatures
  Pikel (D:6)
  3 steam dragons
  5 water moccasins
  3 sky beasts
  2 black bears
  An ogre (D:5)
  A phantom (D:6)
  A kobold brigand (D:6)
  2 necrophages
  3 bullfrogs
  2 scorpions
  3 howler monkeys (D:8)
  5 hounds
  2 jellies
  An orc priest (D:8)
  Crazy Yiuf (D:2)
  Jessica (D:3)
  3 iguanas
  Terence (D:2)
  3 orc wizards
  6 gnolls
  7 adders
  3 white imps
  An ufetubus (D:5)
  4 worms (D:2)
  6 dart slugs
  23 orcs
  6 bats
  2 bat zombies (D:4)
  9 endoplasms
  7 giant cockroaches
  7 goblins
  8 hobgoblins
  7 jackals
  4 quokkas
  6 ball pythons
  3 frilled lizards
  3 goblin skeletons (D:3)
  A goblin zombie (D:3)
  5 hobgoblin zombies (D:3)
  11 kobolds
  An orc zombie (D:3)
  7 rats
  2 rat zombies (D:4)
183 creatures vanquished.

Vanquished Creatures (others)
  A wizard (D:5)
  A fungus (D:2)
2 creatures vanquished.

Grand Total: 185 creatures vanquished

Notes
Turn   | Place    | Note
-------+----------+-------------------------------------------
     0 | D:1      | IdlyInterested the Demonspawn Gladiator began the quest for
                  | the Orb.
     0 | D:1      | Reached XP level 1. HP: 16/16 MP: 1/1
   169 | D:1      | Found a faded altar of an unknown god.
   170 | D:1      | Identified the +7 hand axe "Beetlebane" {drain, Str+7 Int+6
                  | Dex+4}
   205 | D:1      | Gained mutation: Spells you cast may paralyse adjacent
                  | enemies. [demonic ancestry]
   205 | D:1      | Reached XP level 2. HP: 22/22 MP: 2/2
   497 | D:1      | Gained mutation: You are partially covered in yellow
                  | scales. (AC +2) [demonic ancestry]
   497 | D:1      | Reached XP level 3. HP: 19/28 MP: 3/3
   629 | D:1      | Reached skill level 1 in Short Blades
   961 | D:2      | Gained mutation: Spells you cast may paralyse nearby
                  | enemies. [demonic ancestry]
   961 | D:2      | Reached XP level 4. HP: 33/35 MP: 4/4
  1073 | D:2      | You fall into a shaft and drop 1 floor!
  1099 | D:3      | Reached skill level 2 in Short Blades
  1323 | D:3      | Found a sparkling altar of Nemelex Xobeh.
  1595 | D:2      | Reached XP level 5. HP: 39/41 MP: 5/5
  1901 | D:2      | Noticed Terence
  1906 | D:2      | Killed Terence
  2092 | D:2      | Found a runed translucent door.
  2093 | D:2      | Noticed Crazy Yiuf
  2099 | D:2      | Killed Crazy Yiuf
  2100 | D:2      | Reached skill level 3 in Short Blades
  2479 | D:3      | Noticed Jessica
  2488 | D:3      | Killed Jessica
  2489 | D:3      | Reached skill level 1 in Armour
  2762 | D:4      | Reached XP level 6. HP: 47/47 MP: 6/6
  3015 | D:4      | Noticed a steam dragon
  3031 | D:4      | Killed a steam dragon
  3032 | D:4      | Reached skill level 4 in Short Blades
  3267 | D:4      | Found a blossoming altar of Fedhas.
  3477 | D:4      | Found an ancient bone altar of Kikubaaqudgha.
  3496 | D:4      | Found a hide-covered altar of Uskayaw.
  3809 | D:5      | Entered Level 5 of the Dungeon
  4135 | D:5      | Reached XP level 7. HP: 52/52 MP: 7/7
  4201 | D:5      | Reached skill level 1 in Spellcasting
  4251 | D:5      | Reached skill level 5 in Short Blades
  4611 | D:5      | Found a bloodstained altar of Trog.
  4616 | D:5      | Gained mutation: You are mostly covered in yellow scales.
                  | (AC +3) [demonic ancestry]
  4616 | D:5      | Reached XP level 8. HP: 58/58 MP: 12/12
  4661 | D:5      | Noticed a wizard
  4667 | D:5      | Killed a wizard
  4913 | D:6      | Reached skill level 6 in Short Blades
  4913 | D:6      | Reached skill level 1 in Evocations
  5156 | D:6      | Noticed Pikel
  5174 | D:6      | Killed Pikel
  5175 | D:6      | Reached skill level 7 in Short Blades
  5323 | D:6      | Reached XP level 9. HP: 50/63 MP: 13/13
  6001 | D:7      | Reached skill level 8 in Short Blades
  6099 | D:7      | Identified the +0 ring mail of Spite {Drain rF++ Will+
                  | Str+4}
  6149 | D:7      | Found a basalt altar of Yredelemnul.
  6324 | D:7      | Found Ehustesk's Antique Weapon Boutique.
  6330 | D:7      | Bought a runed rapier for 147 gold pieces
  6330 | D:7      | Bought a glowing rapier for 147 gold pieces
  6386 | D:7      | Found a staircase to the Ecumenical Temple.
  6402 | Temple   | Entered the Ecumenical Temple
  6661 | D:7      | Reached skill level 5 in Stealth
  6770 | D:7      | Found a shimmering altar of Xom.
  7232 | D:8      | Reached skill level 9 in Short Blades
  7234 | D:8      | Noticed a two-headed ogre
  7246 | D:8      | Slain by a two-headed ogre

Illustrated notes

Levels and vault maps discovered:
D:1:      nicolae_arrival_washed_ashore, layout_basic,
          hellmonk_ecumenical_altar_lost_god
D:2:      minmay_razor_zed, layout_loops_ring, grunt_decor_resistance,
          minmay_distorted, uniq_crazy_yiuf_cottage, uniq_terence
D:3:      layout_basic, nicolae_tso_besieged_by_evil,
          mainiacjoe_overflow_tiny_flanked, uniq_jessica
D:4:      layout_loops_ring, lemuel_zombie_altar_kikubaaqudgha,
          mainiacjoe_overflow_alcove_4, nicolae_overflow_crystal_walls
D:5:      layout_loops_cross, trog_wizard
D:6:      layout_loops_ring, kennysheep_path_1, uniq_pikel
D:7:      layout_layer_cave, kennysheep_ying_yang,
          mainiacjoe_overflow_small_starburst, overflow_temple_1_default,
          temple_hall, serial_shops, shop
D:8:      layout_rooms, mainiacjoe_overflow_six_doors_small,
          nicolae_wooded_promenade
Temple:   nicolae_temple_bog_church

Skill      XL: |  1  2  3  4  5  6  7  8  9 |
---------------+----------------------------+-----
Long Blades    | 3 |  3.1
Dodging        | 3 |  3.0
Short Blades   | 1 2 3 4 5 7 9 |  9.0
Fighting       | 3 |  3.0
Throwing       | 2 3 |  3.0
Armour         | 1 3 |  3.0
Spellcasting   | 3 |  3.3
Evocations     | 3 |  3.0
Stealth        | 3 6 |  6.0

Action                   |  1- 3 |  4- 6 |  7- 9 || total
-------------------------+-------+-------+-------++-------
Melee: Long sword        |     9 |       |       ||     9
       Hand axe          |    43 |   171 |   233 ||   447
       Punch             |       |     3 |     2 ||     5
Throw: Throwing net      |       |       |     1 ||     1
       Stone             |       |       |     1 ||     1
Evoke: Wand              |       |       |     3 ||     3
  Use: Scroll            |     5 |     4 |     7 ||    16
       Potion            |       |     5 |     1 ||     6
 Stab: Sleeping          |       |     1 |     5 ||     6
       Distracted        |       |     1 |       ||     1
Armor: Leather armour    |    17 |    42 |    84 ||   143
       Ring mail         |       |       |    45 ||    45
Dodge: Dodged            |    46 |   157 |   198 ||   401

Table legend: (Time is in decaauts)
 A = Elapsed time spent in this place.
 B = Non-inter-level travel time spent in this place.
 C = Inter-level travel time spent in this place.
 D = Time resting spent in this place.
 E = Time spent auto-exploring this place.
 F = Levels seen in this place.
 G = Mean time per level.
                   A        B        C        D        E       F      G
               +--------+--------+--------+--------+--------+-----+--------+
         Total |   7403 |   6419 |    984 |    650 |   3872 |   9 |  822.6 |
       Dungeon |   7205 |   6239 |    966 |    650 |   3699 |   8 |  900.6 |
        Temple |    198 |    180 |     18 |      0 |    172 |   1 |  198.0 |
               +--------+--------+--------+--------+--------+-----+--------+

Top non-repeatable levels by time:
     D:4: 1286 daAuts
     D:6: 1134 daAuts
     D:2: 1063 daAuts
     D:7: 933 daAuts
     D:1: 929 daAuts
     D:5: 870 daAuts
     D:3: 830 daAuts
  Temple: 198 daAuts
     D:8: 157 daAuts
